 Dungeon Sprint DCSS version 0.31-a0-325-g067879e3d3 (webtiles) character file.

Game seed: 17988672462442668088

15605 HallandMoats the Warrior (level 12, -3/104 HPs)
             Began as an Octopode Monk on July 19, 2023.
             Was the Champion of Qazlal.
             Killed from afar by a spriggan air mage (17 damage)
             ... with a bolt of lightning
             ... in the Dungeon (Sprint V: "Ziggurat Sprint").
             The game lasted 00:06:23 (404 turns).

HallandMoats the Warrior (Octopode Monk)             Turns: 404, Time: 00:06:24

Health: -3/104     AC:  4    Str: 27    XL:     12   Next: 28%
Magic:  17/24      EV: 18    Int: 12    God:    Qazlal [******]
Gold:   865        SH: 40    Dex: 27    Spells: 11/11 levels left

rFire   . . .        B - +16 obsidian axe {drain, demonic, Mesm Drain Fly SInv}
rCold   . . .        C - +18 shield of the Gong {Loud rN+ Will+ rCorr EV-5}
rNeg    + . .        (helmet restricted)
rPois   .            m - amulet of regeneration
rElec   .            x - +6 ring of strength
rCorr   +            y - +6 ring of strength
SInv    +            t - +6 ring of dexterity
Will    ++...        u - +6 ring of dexterity
Stlth   +            F - ring of willpower
HPRegen 1.17/turn    (no ring)
MPRegen 0.19/turn    (no ring)
                     (no ring)

%: no teleportation, repel missiles
@: protected from physical damage, flying, mesmerised, studying Stealth
A: almost no armour, amphibious, 8 rings, camouflage 1, gelatinous body 1,
(nimble swimmer 1), tentacles
a: Renounce Religion, Upheaval, Elemental Force, Disaster Area


You were in the Dungeon.
You worshipped Qazlal.
Qazlal was exalted by your worship.
You visited 1 branch You collected 865 gold pieces.

Inventory:

Hand Weapons
 s - the +5 scythe "Finisher" {speed, execute}
   (You found it in the Dungeon)
 v - the +12 pair of quick blades "Gyre" and "Gimble" {protect}
   (You found it in the Dungeon)
 B - the +16 obsidian axe (weapon) {drain, demonic, Mesm Drain Fly SInv}
   (You found it in the Dungeon)

   Mesm:      Its wielder is mesmerised by any visible foes, and it cannot be
   unequipped while any foes are visible.
   SInv:      It lets you see invisible.
   Fly:       It grants you flight.
   Drain:     It drains your maximum health when unequipped.
Armour
 C - the +18 shield of the Gong (worn) {Loud rN+ Will+ rCorr EV-5}
   (You found it in the Dungeon)

   Loud:      It is deafeningly noisy when blocking attacks.
   EV:        It affects your evasion (-5).
   rN:        It protects you from negative energy.
   rCorr:     It protects you from acid and corrosion.
   Will:      It increases your willpower.
Jewellery
 m - an amulet of regeneration (around mantle)
 t - a +6 ring of dexterity (on tentacle)
 u - a +6 ring of dexterity (on tentacle)
 x - a +6 ring of strength (left tentacle)
 y - a +6 ring of strength (right tentacle)
 F - a ring of willpower (on tentacle)
Talismans
 E - a talisman of death
Wands
 c - a wand of polymorph (4)
 z - a wand of mindburst (7)
 A - a wand of acid (7)
 D - a wand of paralysis (8)
 G - a wand of flame (13)
 H - a wand of roots (14)
Scrolls
 a - 5 scrolls of brand weapon
 i - 4 scrolls of blinking
 o - 4 scrolls of amnesia
 p - 7 scrolls of fog
 q - 5 scrolls of identify
 r - 2 scrolls of fear
Potions
 b - a potion of ambrosia
 d - 10 potions of curing
 e - 7 potions of heal wounds
 f - 5 potions of haste
 g - 7 potions of magic
 h - 3 potions of berserk rage
 j - 2 potions of brilliance
 k - 2 potions of invisibility
 l - 4 potions of resistance
 n - 4 potions of might
Miscellaneous
 w - a phantom mirror


   Skills:
 * Level 17.9 Fighting
 * Level 15.0 Axes
 + Level 11.1 Dodging
 + Level 10.4 Shields
 * Level 16.7 Invocations
 * Level 7.0 Shapeshifting


You had 11 spell levels left.
You didn't know any spells.
Your spell library contained the following spells:

 Spells                   Type           Power      Damage    Failure   Level
 Foxfire                  Conj/Fire      0%         2x1d4     47%         1
 Blink                    Tloc           0%         N/A       63%         2
 Searing Ray              Conj           0%         2d4       63%         2
 Dazzling Flash           Conj/Hex       0%         N/A       85%         3
 Hailstorm                Conj/Ice       0%         3d3       85%         3
 Ignite Poison            Fire/Tmut/Pois 0%         N/A       85%         3
 Inner Flame              Hex/Fire       0%         N/A       85%         3
 Portal Projectile        Hex/Tloc       0%         N/A       85%         3
 Summon Guardian Golem    Hex/Summ       0%         N/A       85%         3
 Tukima's Dance           Hex            0%         N/A       85%         3
 Volatile Blastmotes      Fire/Tloc      0%         2d10      85%         3
 Flame Wave               Conj/Fire      0%         2d4       99%         4
 Manifold Assault         Tloc           0%         N/A       99%         4
 Petrify                  Tmut/Erth      0%         N/A       99%         4
 Sticky Flame             Conj/Fire      0%         2d3       99%         4
 Summon Ice Beast         Ice/Summ       0%         N/A       99%         4
 Alistair's Intoxication  Tmut/Pois      0%         N/A       100%        5
 Arcjolt                  Conj/Air       0%         1d10      100%        5
 Fireball                 Conj/Fire      0%         3d3       100%        5
 Freezing Cloud           Conj/Ice/Air   0%         6-21      100%        5
 Lee's Rapid Deconstruct  Erth           0%         3d4*      100%        5
 Summon Mana Viper        Hex/Summ       0%         N/A       100%        5
 Plasma Beam              Fire/Air       0%         2x1d10    100%        6
 Simulacrum               Ice/Necr       0%         N/A       100%        6
 Starburst                Conj/Fire      0%         6d3       100%        6
 Monstrous Menagerie      Summ           0%         N/A       100%        7
 Chain Lightning          Conj/Air       0%         N/A       100%        9


Dungeon Overview and Level Annotations

Branches:
Dungeon (1/1)

Altars:
Ashenzari
Cheibriados
Dithmenos
Elyvilon
Fedhas
Gozag
Hepliaklqana
Kikubaaqudgha
Makhleb
Nemelex Xobeh
Okawaru
Qazlal
Ru
Sif Muna
Trog
Uskayaw
Vehumet
Wu Jian
Xom
Yredelemnul
Zin
The Shining One
Jiyva
Lugonu


Innate Abilities, Weirdness & Mutations

You cannot wear most types of armour.
You are amphibious.
You can wear up to eight rings at the same time.
Your skin changes colour to match your surroundings (Stealth+).
Your rubbery body absorbs attacks. (AC +1, EV +1)
((You are camouflaged when in or above water. (Stealth+)))
You have tentacles for arms and can constrict up to eight enemies at once.


Message History

The air twists around and strikes you!!
The air twists around and strikes your ynoxinul!!
Your ynoxinul dies!
Your ynoxinul disappears in a puff of smoke!
A wind drake comes into view.
The spriggan air mage gestures at you while chanting.
The bolt of lightning hits you!!
* * * LOW HITPOINT WARNING * * *
You hear a deafening roar!
The wind drake hisses angrily.
You hear an angry hiss. x2
You can move again.
Found five items.
Unknown command.
Unknown command.
Unknown command.
You feel much better.
Visions of slaying the spriggan air mage flood into your mind.
A spriggan air mage comes into view. It is wielding a +3 mace of holy wrath.
A wind drake comes into view.
The air elemental fires a burst of electricity at you.
The stunning burst hits you.
You shrug off the repeated paralysis!
A storm dragon comes into view.
The spriggan air mage waves its arms in wide circles.
The air twists around and strikes you!
* * * LOW HITPOINT WARNING * * *
Unknown command.
Unknown command.
Unknown command.
Unknown command.
You feel much better.
Visions of slaying the air elemental flood into your mind.
The wind drake flaps its wings at you. The air twists around and strikes you!!
A wind drake comes into view.
The spriggan air mage waves its arms in wide circles.
The air twists around and strikes you!!
* * * LOW HITPOINT WARNING * * *
The spriggan air mage casts a spell at you.
The bolt of lightning hits you!
You die...

▓...).)...▓.
▓..::k:[..▓...|=))..▓.
▓..ikDki..▓.........▓.
.........▓...†.)...▓.
▓ ..ii... ▓.........▓.
▓. .i... .▓.........▓.
▓..▓.E.▓..▓.........▓.
▓.▓..§.○▓.▓.▓.....▓.▓.
▓...☼@☼...▓....©....▓▓
▓▓▓▓▓▓▓▓▓▓▓▓▓▓▓▓▓▓▓▓▓


You could see a storm dragon, 3 wind drakes, 5 spriggan air magi and an air
elemental (mesmerising).

Vanquished Creatures
  A bone dragon (D)
  A sphinx (D)
  A green draconian (D)
  A red draconian (D)
  A yellow draconian (D)
  A purple draconian (D)
  A green death (D)
  3 vault guards (D)
  An ironbound frostheart (D)
  A wretched star (D)
  A large abomination (D)
  A glowing orange brain (D)
  A wizard (D)
  2 draconians (D)
  2 vault sentinels (D)
  2 toenail golems (D)
  A rime drake (D)
  A freezing wraith (D)
  A slime creature (D)
  Sigmund (D)
  A ynoxinul (D)
  3 fire elementals (D)
  A hell hound (D)
  3 swamp drakes (D)
  A sky beast (D)
  6 orc warriors (D)
  Blork the orc (D)
  An earth elemental (D)
  A crimson imp (D)
  2 iron imps (D)
  3 orc priests (D)
  Jessica (D)
  2 orc wizards (D)
  2 white imps (D)
  2 ufetubi (D)
  4 orcs (D)
  3 ball python skeletons (D)
  A ball python zombie (D)
  A fire vortex (D)
64 creatures vanquished.

Notes
Turn   | Place    | Note
-------+----------+-------------------------------------------
     0 | D        | HallandMoats the Octopode Monk began the quest for the Orb.
     0 | D        | Reached XP level 1. HP: 16/16 MP: 1/1
     1 | D        | Found a blossoming altar of Fedhas.
     1 | D        | Found the +6 Majin-Bo {spellvamp, MP+6 Int+6}
     1 | D        | Found the +27 heavy crossbow "Sniper" {heavy, Acc+∞ SInv}
     1 | D        | Found the +10 dark maul {heavy}
     1 | D        | Found the +15 Maxwell's patent armour {-Cast -Tele rElec
                  | Will+ rCorr}
     1 | D        | Found the +18 shield of the Gong {Loud rN+ Will+ rCorr
                  | EV-5}
     1 | D        | Found the +16 obsidian axe {drain, demonic, Mesm Drain Fly
                  | SInv}
     1 | D        | Found the +7 great mace "Firestarter" {flame, immolate,
                  | rFlCloud rF++}
     1 | D        | Found the +6 shillelagh "Devastator" {shatter}
     1 | D        | Found the +11 plutonium sword {Contam Stlth-}
     1 | D        | Found the +8 lance "Wyrmbane" {slay drac, rPois rF+ rC+
                  | AC+3}
     1 | D        | Found the +9 sword of Zonguldrok {reap}
     1 | D        | Found the +13 scythe of Curses {drain, curses, Drain}
     1 | D        | Found the +9 sword of Power {lifebolt}
     1 | D        | Found the +7 mace of Variability {chaos, chaos arc}
     1 | D        | Found the +11 Singing Sword {sonic wave}
     1 | D        | Found the +8 storm bow {elec, penet}
     7 | D        | Found a shimmering blue altar of Sif Muna.
     7 | D        | Found a sacrificial altar of Ru.
     7 | D        | Found a bloodstained altar of Trog.
     7 | D        | Found a stormy altar of Qazlal.
     7 | D        | Found an iron altar of Okawaru.
     7 | D        | Found a sparkling altar of Nemelex Xobeh.
     9 | D        | Found a transporter.
     9 | D        | Found an ancient bone altar of Kikubaaqudgha.
     9 | D        | Found a viscous altar of Jiyva.
     9 | D        | Found a corrupted altar of Lugonu.
     9 | D        | Found a hazy altar of Hepliaklqana.
     9 | D        | Found a burning altar of Makhleb.
     9 | D        | Found an opulent altar of Gozag.
    24 | D        | Became a worshipper of Qazlal Stormbringer
    24 | D        | Reached * piety under Qazlal
    24 | D        | Reached ** piety under Qazlal
    54 | D        | Reached skill level 6 in Fighting
    54 | D        | Reached skill level 5 in Invocations
    54 | D        | Reached XP level 2. HP: 25/25 MP: 1/5
   100 | D        | Entered arena 2.
   100 | D        | Noticed a toenail golem
   100 | D        | Noticed a toenail golem
   100 | D        | Found a transporter.
   107 | D        | Killed a toenail golem
   108 | D        | Reached skill level 8 in Fighting
   108 | D        | Reached skill level 5 in Dodging
   108 | D        | Reached XP level 3. HP: 34/34 MP: 5/8
   108 | D        | Reached XP level 4. HP: 40/40 MP: 6/10
   108 | D        | Reached XP level 5. HP: 45/45 MP: 6/11
   108 | D        | Reached XP level 6. HP: 51/51 MP: 6/12
   108 | D        | Killed a toenail golem
   109 | D        | Reached skill level 9 in Fighting
   109 | D        | Reached XP level 7. HP: 58/58 MP: 6/14
   114 | D        | Entered arena 3.
   114 | D        | Noticed Sigmund
   114 | D        | Noticed Jessica
   114 | D        | Noticed Blork the orc
   114 | D        | Found a transporter.
   118 | D        | Killed Sigmund
   118 | D        | Killed Jessica
   118 | D        | Reached *** piety under Qazlal
   118 | D        | Killed Blork the orc
   119 | D        | Reached skill level 10 in Fighting
   119 | D        | Reached skill level 5 in Shields
   119 | D        | Reached skill level 10 in Invocations
   119 | D        | Reached XP level 8. HP: 64/64 MP: 7/15
   126 | D        | Got Dispater's Enchiridion on Conflict
   128 | D        | Entered arena 4.
   128 | D        | Noticed a rime drake
   128 | D        | Found a transporter.
   133 | D        | Killed a rime drake
   134 | D        | Reached **** piety under Qazlal
   145 | D        | Entered arena 5.
   145 | D        | Found the +5 scythe "Finisher" {speed, execute}
   145 | D        | Found a transporter.
   150 | D        | Reached skill level 11 in Fighting
   151 | D        | Reached XP level 9. HP: 72/72 MP: 10/17
   154 | D        | Reached skill level 10 in Axes
   168 | D        | Entered arena 6.
   168 | D        | Found the +12 pair of quick blades "Gyre" and "Gimble"
                  | {protect}
   168 | D        | Found a transporter.
   171 | D        | Reached ***** piety under Qazlal
   185 | D        | Entered arena 7.
   186 | D        | Found a transporter.
   189 | D        | Reached skill level 12 in Fighting
   204 | D        | Entered arena 8.
   204 | D        | Noticed a yellow draconian
   204 | D        | Noticed a green draconian
   204 | D        | Noticed a purple draconian
   204 | D        | Noticed a red draconian
   204 | D        | Noticed a draconian
   204 | D        | Noticed a draconian
   205 | D        | Killed a yellow draconian
   205 | D        | Reached ****** piety under Qazlal
   206 | D        | Reached skill level 13 in Fighting
   207 | D        | Found a transporter.
   210 | D        | Killed a green draconian
   211 | D        | Reached skill level 14 in Fighting
   211 | D        | Reached XP level 10. HP: 45/84 MP: 8/19
   211 | D        | Killed a red draconian
   212 | D        | HP: 3/85 [draconian/+0 club (16)]
   212 | D        | Killed a draconian
   213 | D        | Reached skill level 15 in Fighting
   215 | D        | Killed a draconian
   216 | D        | Killed a purple draconian
   283 | D        | Entered arena 9.
   284 | D        | Found a transporter.
   298 | D        | Got the Directory of Blasts and Space
   302 | D        | Got the Information on Assistive Changes
   308 | D        | Got Sif Muna's Spellbook of Mutated Hoarfrost
   311 | D        | Entered arena 10.
   312 | D        | Found a transporter.
   316 | D        | Reached skill level 1 in Shapeshifting
   319 | D        | Reached skill level 16 in Fighting
   328 | D        | Entered arena 11.
   328 | D        | Noticed a vault sentinel
   328 | D        | Noticed a vault guard
   328 | D        | Noticed a vault guard
   328 | D        | Noticed an ironbound frostheart
   328 | D        | Noticed a vault guard
   328 | D        | Noticed a vault sentinel
   328 | D        | Noticed a sphinx
   328 | D        | Noticed a glowing orange brain
   329 | D        | Found a transporter.
   330 | D        | Killed a vault guard
   330 | D        | Killed a vault sentinel
   330 | D        | Killed a glowing orange brain
   330 | D        | Killed an ironbound frostheart
   330 | D        | Killed a sphinx
   330 | D        | Killed a vault sentinel
   330 | D        | Killed a vault guard
   331 | D        | Reached skill level 17 in Fighting
   331 | D        | Reached skill level 10 in Dodging
   331 | D        | Reached skill level 15 in Invocations
   331 | D        | Reached skill level 5 in Shapeshifting
   331 | D        | Reached XP level 11. HP: 84/96 MP: 12/22
   333 | D        | Killed a vault guard
   352 | D        | Got the Exposition on the Weird Caves
   356 | D        | Got the Omnibus of the Mutated Tundra
   361 | D        | Entered arena 12.
   361 | D        | Noticed a wizard
   361 | D        | Noticed a large abomination
   361 | D        | Noticed a wretched star
   362 | D        | Noticed a green death
   362 | D        | Noticed a bone dragon
   363 | D        | Killed a large abomination
   363 | D        | Killed a wizard
   363 | D        | Killed a wretched star
   364 | D        | Reached skill level 10 in Shields
   364 | D        | Reached XP level 12. HP: 102/102 MP: 10/24
   364 | D        | Found a transporter.
   368 | D        | Killed a green death
   381 | D        | Killed a bone dragon
   382 | D        | Reached skill level 15 in Axes
   399 | D        | Acquired 865 gold pieces
   402 | D        | Entered arena 13.
   402 | D        | Noticed a spriggan air mage
   402 | D        | Noticed a spriggan air mage
   402 | D        | Noticed a spriggan air mage
   402 | D        | Noticed a spriggan air mage
   402 | D        | Paralysed by an air elemental for 1 turns
   403 | D        | Noticed a spriggan air mage
   403 | D        | Noticed a storm dragon
   404 | D        | Killed from afar by a spriggan air mage

Illustrated notes

Levels and vault maps discovered:
D:        sprint_v [room_start, room_1, room_2, room_3, room_4, room_5, room_6,
          room_7, room_8, room_9, room_10, room_11, room_12, room_13, room_14,
          room_15, room_16, room_17, room_18, room_19, room_20, room_21,
          room_22, room_23, room_24, room_25, room_26, room_27]

Skill      XL: |  1  2  3  4  5  6  7  8  9 10 11 12 |
---------------+-------------------------------------+-----
Fighting       | 6 8 9 10 11 14 17 | 17.9
Invocations    | 5 8 9 10 11 13 15 16 | 16.7
Axes           | 6 8 9 11 14 15 | 15.0
Dodging        | 5 6 7 8 10 11 | 11.1
Shields        | 3 4 5 6 7 9 10 | 10.4
Shapeshifting  | 5 6 7 |  7.0

Action                     |  1- 3 |  4- 6 |  7- 9 | 10-12 || total
---------------------------+-------+-------+-------+-------++-------
  Melee: Broad axe         |     4 |     1 |    21 |    31 ||    57
         Tentacles         |     1 |       |     5 |    12 ||    18
         Constrict         |       |       |     3 |     6 ||     9
 Invoke: Disaster Area     |       |       |     1 |     2 ||     3
         Upheaval          |       |       |     1 |       ||     1
    Use: Potion            |     4 |       |     1 |     5 ||    10
         Scroll            |       |       |       |     1 ||     1
 Armour: Skin              |       |       |       |     1 ||     1
  Dodge: Dodged            |       |       |     1 |    11 ||    12
  Block: Kite shield       |     6 |       |    25 |    55 ||    86

Table legend: (Time is in decaauts)
 A = Elapsed time spent in this place.
 B = Non-inter-level travel time spent in this place.
 C = Inter-level travel time spent in this place.
 D = Time resting spent in this place.
 E = Time spent auto-exploring this place.
 F = Levels seen in this place.
 G = Mean time per level.
                   A        B        C        D        E       F      G
               +--------+--------+--------+--------+--------+-----+--------+
         Total |    388 |    388 |      0 |     95 |      0 |   1 |  388.0 |
       Dungeon |    388 |    388 |      0 |     95 |      0 |   1 |  388.0 |
               +--------+--------+--------+--------+--------+-----+--------+

Top non-repeatable levels by time:
       D: 388 daAuts
